 Dungeon Crawl Stone Soup version 0.22.1-1-ga44c0e5 (webtiles) character file.

130958 sanboga the Severer (level 17, 0/103 HPs)
             Began as a Gargoyle Berserker on Sept 28, 2018.
             Was the Champion of Trog.
             Shot with a bolt by a naga sharpshooter (18 damage)
             ... led by Vashnia
             ... on level 3 of the Snake Pit on Sept 30, 2018.
             The game lasted 00:58:35 (30969 turns).

sanboga the Severer (Gargoyle Berserker)           Turns: 30969, Time: 00:58:36

Health: 0/103      AC: 54    Str: 26    XL:     17   Next: 9%
Magic:  5/5        EV:  9    Int: 13    God:    Trog [******]
Gold:   2072       SH:  5    Dex:  9    Spells: 16/16 levels left

rFire    + + +     SeeInvis +   B - +4 battleaxe (antimagic)
rCold    + + .     Gourm    .   (shield currently unavailable)
rNeg     + . .     Faith    .   H - +10 plate armour {ponderous}
rPois    ∞         Spirit   .   A - +4 helmet of Semoufeg {rC++ MR-}
rElec    +         Reflect  +   p - +2 cloak {MR+}
rCorr    .         Harm     .   n - +0 pair of gloves
MR       +....                  x - -2 pair of boots of Abstinence {+Inv rF+++ Int+3 Slay+2}
Stlth    ..........             G - +5 amulet of reflection
HPRegen  0.27/turn              j - +2 ring of protection
MPRegen  0.09/turn              h - ring of see invisible

@: flying, slow
A: big wings, frail 1, negative energy resistance 1, electricity resistance,
unbreathing, petrification resistance, rot immunity, AC +12
a: Stop Flying, Berserk, Trog's Hand, Brothers in Arms, Renounce Religion, Evoke
Invisibility


You were on level 3 of the Snake Pit.
You worshipped Trog.
Trog was exalted by your worship.
You were hungry.

You visited 4 branches of the dungeon, and saw 26 of its levels.
You also visited: Labyrinth, Bailey and Ice Cave.

You collected 2869 gold pieces.
You spent 797 gold pieces at shops.

Inventory:

Hand Weapons
 z - a +7 executioner's axe of flaming
 B - a +4 antimagic battleaxe (weapon)
Armour
 n - a +0 pair of gloves (worn)
 p - a +2 cloak of magic resistance (worn)
 x - the -2 pair of boots of Abstinence (worn) {+Inv rF+++ Int+3 Slay+2}
   (You acquired it in a bailey)

   It affects your intelligence (+3).
   It affects your accuracy and damage with ranged weapons and melee attacks
   (+2).
   It renders you almost immune to fire.
   It lets you turn invisible.
 A - the +4 helmet of Semoufeg (worn) {rC++ MR-}
   (You found it on level 11 of the Dungeon)

   It greatly protects you from cold.
   It affects your resistance to hostile enchantments.
 H - a +10 plate armour of ponderousness (worn)
 J - the -2 hat of the Alchemist {rElec rPois rF+ rC+ rN+ MR+ rMut rCorr}
   (You found it in a labyrinth)

   It protects you from fire.
   It protects you from cold.
   It insulates you from electricity.
   It protects you from poison.
   It protects you from negative energy.
   It affects your resistance to hostile enchantments.
   It provides partial protection from all sources of acid and corrosion.
   It protects you from mutation.
Jewellery
 h - a ring of see invisible (right hand)
 j - a +2 ring of protection (left hand)
 G - a +5 amulet of reflection (around neck)
Wands
 a - a wand of acid (21)
 i - a wand of polymorph (17)
 l - a wand of digging (36)
 s - a wand of iceblast (2)
 t - a wand of random effects (97)
 y - a wand of disintegration (13)
 L - a wand of paralysis (9)
 N - a wand of clouds (5)
 O - a wand of flame (22)
Scrolls
 d - 12 scrolls of teleportation
 m - 3 scrolls of enchant armour
 q - 9 scrolls of identify
 r - a scroll of summoning
 u - a scroll of fog
 w - 2 scrolls of immolation
 C - 7 scrolls of fear
 D - 2 scrolls of blinking
 E - a scroll of remove curse
 M - a scroll of magic mapping
 Q - 2 scrolls of acquirement
Potions
 b - 5 potions of might
 e - 14 potions of curing
 f - a potion of resistance
 g - 4 potions of heal wounds
 k - 4 potions of ambrosia
 o - 4 potions of cancellation
 v - 4 potions of mutation
 F - 3 potions of haste
 I - a potion of agility
 K - a potion of invisibility
Comestibles
 c - 41 rations
 P - 2 chunks of flesh


   Skills:
 + Level 16.2 Fighting
 * Level 18.6 Axes
 + Level 18.2 Armour
 - Level 1.5 Dodging


You had 16 spell levels left.
You didn't know any spells.
Your spell library was empty.

Dungeon Overview and Level Annotations

Branches:
Dungeon (15/15)            Temple (0/1) D:6            Lair (6/6) D:11
 Shoals (0/4) Lair:2        Snake (3/4) Lair:3        Slime (0/5) Lair:5
    Orc (2/2) D:12            Elf (0/3) Orc:2        Vaults (0/5) D:14
 Depths (0/5) D:15

Altars:
Dithmenos
Elyvilon
Fedhas
Gozag
Makhleb
Okawaru
Ru
Sif Muna
Trog
Uskayaw
Xom
Yredelemnul
The Shining One
Beogh
Jiyva

Shops:
D:5 :   D:8 *   D:10 [   D:14 [(   D:15 :%%   Orc:2 :*[*?(*}=   Snake:1 *

Annotations:
Snake:3 Vashnia


Innate Abilities, Weirdness & Mutations

You are resistant to torment.
Your stone body is resilient. (AC +12)
You are immune to poison.
Your large and strong wings let you fly indefinitely.
You resist negative energy. (rN+)
You are resistant to electric shocks. (rElec)
You can survive without breathing.
You are immune to petrification.
You are immune to rotting.
You are frail. (-10% HP)


Message History

The naga sharpshooter unwields an uncursed mace.
The naga sharpshooter wields an uncursed arbalest.
The naga sharpshooter gestures wildly while chanting.
The naga sharpshooter magically shoots a bolt.
The bolt hits you but does no damage.
The naga sharpshooter gestures wildly while chanting.
The naga sharpshooter magically shoots a bolt.
The bolt hits you!
* * * LOW HITPOINT WARNING * * *
You closely miss the shock serpent.
The shock serpent is almost dead.
You hit the shock serpent.
The shock serpent shoots out a bolt of lightning at you!
The bolt of electricity hits you! You resist.
* * * LOW HITPOINT WARNING * * *
The shock serpent bites you but does no damage.
The naga sharpshooter casts a spell.
The naga sharpshooter magically shoots a bolt.
The bolt hits you!!
You die... 8(..8 ###### .N. ####...#.
N.. ####..(.....
NNN

#....##...## ####
#N# ###...#######
.#...##S# #....(.#
......SS# #.((...#
......T@###).....#
...#....##..##.###
#........##.#
........##.###.#
..####...#.....# .
#....#.....#
#..........#
#.....#....#
......#.....#


You could see Vashnia, 5 naga sharpshooters, 2 shock serpents, a guardian
serpent and a friendly troll (berserk).

Vanquished Creatures
  Nikola (Snake:1)
  Rupert (D:15)
  2 nagarajas (Snake:2)
  A minotaur (Lab)
  Azrael (Snake:1)
  The ghost of Chronos the Unseen, a journeyman SpEn of Gozag (Snake:2)
  The ghost of Aeroq the Fighter, a journeyman DsGl of Makhleb (Lair:4)
  Snorg (D:10)
  A fire dragon (Lair:6)
  Harold (D:7)
  The ghost of Otouteh the Ripper, a journeyman FeBe of Trog (Snake:3)
  A rakshasa (D:15)
  2 naga warriors (Snake:1)
  7 hydras
  8 centaur warriors
  5 anacondas (Snake:2)
  5 two-headed ogres
  Urug (D:14)
  4 orc high priests (Orc:2)
  8 death yaks
  4 naga sharpshooters
  2 shock serpents
  A fire crab (Lair:6)
  A fire crab (shapeshifter) (D:15)
  3 unseen horrors
  A flayed ghost (D:11)
  A glowing orange brain (D:15)
  A lindwurm (Lair:6)
  3 naga ritualists
  A necromancer (IceCv)
  An orc knight (Orc:2)
  A harpy (shapeshifter) (D:13)
  3 mana vipers (Snake:1)
  11 ugly things
  2 manticores
  2 orc sorcerers (Orc:2)
  2 cyclopes
  An elephant (shapeshifter) (D:15)
  3 salamanders
  11 elephants (Lair:6)
  2 ice statues (IceCv)
  Psyche (D:8)
  5 naga magi
  16 black mambas
  3 molten gargoyles (Lair:6)
  14 spiny frogs
  3 centaur skeletons
  3 gargoyles
  Joseph (D:10)
  A torpor snail (Lair:5)
  2 kobold demonologists (D:13)
  12 komodo dragons
  A yaktaur (shapeshifter) (D:15)
  2 rime drakes
  7 ice devils (IceCv)
  A harpy zombie (D:14)
  A queen bee (D:10)
  4 trolls
  A polar bear (Lair:4)
  2 hornets
  Grinder (D:5)
  14 hippogriffs
  9 blink frogs
  8 slime creatures
  5 dream sheep (Lair:6)
  Sigmund (D:4)
  2 fire elementals (Snake:1)
  2 shadows
  9 wyverns
  The ghost of Blarg the Cudgeler, an amateur MiBe of Trog (D:3)
  7 basilisks
  3 fire bats (D:11)
  7 wraiths
  6 vampire mosquitoes
  68 yaks
  16 humans
  Grum (D:8)
  2 hungry ghosts
  3 steam dragons
  14 nagas
  3 acid dragons
  10 water moccasins
  A soldier ant (D:14)
  Duvessa (D:5)
  4 porcupines
  8 hell hounds
  A sky beast (D:14)
  35 orc warriors
  2 black bears
  3 phantoms
  2 necrophages
  8 wolves
  8 ogres
  11 centaurs
  4 big kobolds
  15 crocodiles
  14 bullfrogs
  2 gnoll sergeants (D:8)
  Dowan (D:5)
  A wyvern zombie (D:10)
  2 wyvern skeletons
  An earth elemental (Lab)
  4 scorpions
  15 wights
  19 killer bees (D:10)
  3 howler monkeys (D:10)
  An electric eel (Lair:5)
  5 lava snakes (Lair:6)
  4 crimson imps
  A draconian simulacrum (IceCv)
  3 centaur zombies
  3 hounds
  29 orc priests
  6 jellies
  Crazy Yiuf (D:5)
  36 orc wizards
  3 bullfrog skeletons
  A gnoll shaman (D:8)
  9 iguanas
  12 worker ants
  2 spriggan simulacra (IceCv)
  A troll simulacrum (IceCv)
  2 centaur simulacra (IceCv)
  2 hound zombies
  A hound skeleton (D:9)
  2 worker ant zombies
  A howler monkey skeleton (D:5)
  13 gnolls
  2 ogre simulacra (IceCv)
  12 adders
  2 naga simulacra (IceCv)
  2 shadow imps
  12 white imps (D:12)
  2 oozes
  3 adder zombies
  An adder skeleton (D:6)
  A dart slug (D:1)
  6 leopard geckos
  110 orcs
  4 giant cockroaches
  7 goblins
  4 hobgoblins (D:1)
  5 jackals
  11 kobolds
  6 quokkas
  A ball python skeleton (D:3)
  13 bats
  3 frilled lizards
  A giant cockroach zombie (D:5)
  2 jackal skeletons
  2 leopard gecko skeletons
  A leopard gecko zombie (D:5)
  2 quokka zombies (D:5)
  4 rats
  A fungus (Lair:2)
  2 plants
907 creatures vanquished.

Vanquished Creatures (collateral kills)
  The ghost of jlumianski the Slicer, a journeyman KoBe of Trog (D:11)
  An orc knight (Bailey)
  4 oklob plants (Lair:5)
  A warg (D:11)
  4 orc warriors
  2 orc priests (D:11)
  4 orcs (D:11)
17 creatures vanquished.

Vanquished Creatures (others)
  A hound (D:13)
  An orc wizard (Orc:2)
  A bush (Lair:5)
  8 fungi
  8 plants
19 creatures vanquished.

Grand Total: 943 creatures vanquished

Notes
Turn   | Place    | Note
-------+----------+-------------------------------------------
     0 | D:1      | sanboga the Gargoyle Berserker began the quest for the Orb.
     0 | D:1      | Reached XP level 1. HP: 14/14 MP: 1/1
    84 | D:1      | Reached XP level 2. HP: 6/19 MP: 2/2
  1067 | D:1      | Reached XP level 3. HP: 23/23 MP: 3/3
  1250 | D:2      | Reached ** piety under Trog
  1675 | D:2      | Reached XP level 4. HP: 27/29 MP: 4/4
  1874 | D:3      | Found a burning altar of Makhleb.
  1927 | D:3      | Found a blossoming altar of Fedhas.
  2079 | D:3      | Found a runed gate.
  2079 | D:3      | Found a runed gate.
  2079 | D:3      | Found a runed gate.
  2079 | D:3      | Noticed Blarg's ghost (amateur MiBe)
  2292 | D:3      | Killed Blarg's ghost
  2292 | D:3      | Reached XP level 5. HP: 34/34 MP: 5/5
  2292 | D:3      | Reached XP level 6. HP: 39/39 MP: 6/6
  2348 | D:4      | Noticed Sigmund
  2361 | D:4      | Killed Sigmund
  2361 | D:4      | Reached skill level 5 in Axes
  2465 | D:4      | Reached skill level 5 in Fighting
  2532 | D:4      | Reached XP level 7. HP: 36/44 MP: 7/7
  3053 | D:5      | Entered Level 5 of the Dungeon
  3452 | D:5      | Found a runed door.
  3456 | D:5      | Noticed Crazy Yiuf
  3461 | D:5      | Killed Crazy Yiuf
  3599 | D:5      | Noticed Duvessa
  3619 | D:5      | Killed Duvessa
  3619 | D:5      | Reached skill level 5 in Armour
  3622 | D:5      | Noticed Dowan
  3642 | D:5      | Killed Dowan
  3642 | D:5      | Reached *** piety under Trog
  3642 | D:5      | Reached XP level 8. HP: 41/51 MP: 8/8
  3705 | D:5      | Found Kaupni's Book Shoppe.
  3755 | D:5      | Noticed a hippogriff
  3771 | D:5      | Killed a hippogriff
  3973 | D:5      | Found a shimmering altar of Xom.
  3974 | D:5      | Noticed Grinder
  3974 | D:5      | Paralysed by Grinder for 5 turns
  4120 | D:5      | Paralysed by Grinder for 5 turns
  4128 | D:5      | Killed Grinder
  4227 | D:6      | Found a staircase to the Ecumenical Temple.
  4385 | D:6      | Found an iron altar of Okawaru.
  4388 | D:6      | Found a basalt altar of Yredelemnul.
  4821 | D:6      | Found a runed door.
  4853 | D:6      | Reached XP level 9. HP: 57/57 MP: 9/9
  4863 | D:6      | Reached **** piety under Trog
  4994 | D:6      | Found a roughly hewn altar of Beogh.
  5070 | D:7      | Found a sacrificial altar of Ru.
  5180 | D:7      | Noticed Harold
  5208 | D:7      | Killed Harold
  5440 | D:7      | Noticed a hornet
  5462 | D:7      | Killed a hornet
  5652 | D:7      | Found a bloodstained altar of Trog.
  5787 | D:7      | Reached XP level 10. HP: 64/64 MP: 10/10
  5821 | D:7      | Found an opulent altar of Gozag.
  6167 | D:8      | Found Xijysmop's General Store.
  6351 | D:8      | Noticed Grum
  6372 | D:8      | Killed Grum
  6372 | D:8      | Reached skill level 10 in Axes
  6378 | D:8      | Reached ***** piety under Trog
  6739 | D:8      | Noticed Psyche
  6744 | D:8      | Killed Psyche
  7609 | D:9      | Received a gift from Trog
  7649 | D:9      | Reached XP level 11. HP: 70/71 MP: 11/11
  7726 | D:9      | Found a shadowy altar of Dithmenos.
  8123 | D:9      | Found a hide-covered altar of Uskayaw.
  8214 | D:10     | Entered Level 10 of the Dungeon
  8384 | D:10     | Found a flagged portal.
  8396 | Bailey   | Entered a bailey
  9048 | Bailey   | Reached skill level 10 in Fighting
  9628 | Bailey   | Noticed an orc knight
  9639 | Bailey   | Killed an orc knight
 10153 | Bailey   | Identified a scroll of acquirement
 10154 | Bailey   | Got a pair of faintly humming boots
 10160 | Bailey   | Identified the -2 pair of boots of Abstinence {+Inv rF+++
                  | Int+3 Slay+2} (You acquired it in a bailey)
 10452 | D:10     | Noticed Snorg
 10548 | D:10     | Reached skill level 10 in Armour
 10709 | D:10     | Killed Snorg
 10734 | D:10     | Received a gift from Trog
 10753 | D:10     | Noticed Joseph
 10776 | D:10     | Killed Joseph
 10915 | D:10     | Found Xibeg's Armour Shoppe.
 11174 | D:11     | Noticed a two-headed ogre
 11183 | D:11     | Killed a two-headed ogre
 11227 | D:11     | Found a runed door.
 11257 | D:11     | Found a deep blue altar of Sif Muna.
 11272 | D:11     | Found an opulent altar of Gozag.
 11294 | D:11     | Found a white marble altar of Elyvilon.
 11324 | D:11     | Found a basalt altar of Yredelemnul.
 11371 | D:11     | Found a glowing golden altar of the Shining One.
 11388 | D:11     | Found a hide-covered altar of Uskayaw.
 11489 | D:11     | Noticed a flayed ghost
 11499 | D:11     | Killed a flayed ghost
 11499 | D:11     | Reached XP level 12. HP: 79/79 MP: 12/12
 11806 | D:11     | Found a runed gate.
 11834 | D:11     | Found a runed gate.
 11836 | D:11     | Found a runed gate.
 11839 | D:11     | Noticed jlumianski's ghost (journeyman KoBe)
 11843 | D:11     | Found a roughly hewn altar of Beogh.
 11976 | D:11     | Killed jlumianski's ghost
 12000 | D:11     | Got an ancient helmet
 12011 | D:11     | Identified the +4 helmet of Semoufeg {rC++ MR-} (You found
                  | it on level 11 of the Dungeon)
 12070 | D:11     | Found a staircase to the Lair.
 12128 | D:11     | Got a twisted plate armour
 12139 | D:11     | Identified the +1 plate armour "Bocytitomo" {+Blink rF+
                  | Int+2} (You took it off an orc warrior on level 11 of the
                  | Dungeon)
 12618 | Lair:1   | Entered Level 1 of the Lair of Beasts
 12634 | Lair:1   | Noticed a seven-headed hydra
 12653 | Lair:1   | Killed a one-headed hydra
 13711 | Lair:2   | Found a staircase to the Shoals.
 13821 | Lair:2   | Reached XP level 13. HP: 63/86 MP: 13/13
 14274 | Lair:3   | Found a staircase to the Snake Pit.
 14661 | Lair:3   | Received a gift from Trog
 15231 | Lair:4   | Found a large runed door.
 15232 | Lair:4   | Found a large runed door.
 15239 | Lair:4   | Noticed Aeroq's ghost (journeyman DsGl)
 15285 | Lair:4   | Killed Aeroq's ghost
 16455 | Lair:5   | Found a labyrinth entrance.
 16464 | Lab      | Entered a labyrinth
 16693 | Lab      | Noticed a minotaur
 16727 | Lab      | Killed a minotaur
 16727 | Lab      | Reached skill level 15 in Armour
 16849 | Lab      | Found the -2 hat of the Alchemist {rElec rPois rF+ rC+ rN+
                  | MR+ rMut rCorr}
 17263 | Lair:5   | Reached skill level 15 in Axes
 17309 | Lair:5   | Gained mutation: Your large and strong wings let you fly
                  | indefinitely. [Gargoyle growth]
 17309 | Lair:5   | Reached XP level 14. HP: 90/94 MP: 14/14
 18167 | Lair:5   | Found a viscous altar of Jiyva.
 18167 | Lair:5   | Found a staircase to the Slime Pits.
 18635 | Lair:6   | Entered Level 6 of the Lair of Beasts
 18736 | Lair:6   | Reached ****** piety under Trog
 18852 | Lair:6   | Received a gift from Trog
 20220 | Lair:6   | Found a large runed door.
 20220 | Lair:6   | Found a large runed door.
 21092 | D:12     | Reached XP level 15. HP: 34/100 MP: 15/15
 21247 | D:12     | Found a staircase to the Orcish Mines.
 21341 | D:12     | Found a frozen archway.
 21366 | IceCv    | Entered an ice cave
 22268 | D:12     | Received a gift from Trog
 22292 | Orc:1    | Entered Level 1 of the Orcish Mines
 22339 | Orc:2    | Entered Level 2 of the Orcish Mines
 22339 | Orc:2    | Found Animinti's Antique Armour Shoppe.
 22341 | Orc:2    | Found a staircase to the Elven Halls.
 22347 | Orc:2    | Paralysed by an orc sorcerer for 4 turns
 22371 | Orc:2    | Found Dateij's Assorted Antiques.
 23030 | Orc:1    | Found a bloodstained altar of Trog.
 23176 | Orc:2    | Found Qotaxube's Jewellery Emporium.
 23196 | Orc:2    | Found Kotyseex's Gadget Emporium.
 23257 | Orc:2    | Found Kaukeutz's Book Shop.
 23650 | Orc:2    | Gained mutation: You are frail. (-10% HP) [a neqoxec]
 23779 | Orc:2    | Received a gift from Trog
 24329 | Orc:2    | Found Waecid's Assorted Antiques.
 24329 | Orc:2    | Found Lymiarph's Magic Scroll Shoppe.
 24330 | Orc:2    | Found Kuogom's Assorted Antiques.
 24333 | Orc:2    | Found Bopeh's Weapon Emporium.
 24336 | Orc:2    | Bought a bubbling golden potion for 18 gold pieces
 24341 | Orc:2    | Bought a ring of protection for 58 gold pieces
 24344 | Orc:2    | Bought a scroll of enchant armour for 90 gold pieces
 24344 | Orc:2    | Bought a scroll of summoning for 114 gold pieces
 24403 | Orc:2    | Bought an uncursed ring of see invisible for 225 gold
                  | pieces
 25582 | D:13     | Reached skill level 15 in Fighting
 25623 | D:13     | Received a gift from Trog
 25837 | D:14     | Found a gate to the Vaults.
 25837 | D:14     | Noticed Urug
 25939 | D:14     | Killed Urug
 25949 | D:14     | Reached XP level 16. HP: 51/97 MP: 5/16
 26459 | D:14     | Found Ykeozaut's Antique Weapon Emporium.
 26673 | D:14     | Found Qeruboy's Antique Armour Emporium.
 26944 | D:15     | Entered Level 15 of the Dungeon
 27079 | D:15     | Noticed Rupert
 27080 | D:15     | Paralysed by Rupert for 4 turns
 27094 | D:15     | Killed Rupert
 27286 | D:15     | Received a gift from Trog
 27451 | D:15     | Found a staircase to the Depths.
 27739 | D:15     | Found Sauhyir's Book Shoppe.
 27955 | D:15     | Found Uqeobbom's Food Emporium.
 27963 | D:15     | Found Liothill's Food Boutique.
 28237 | Snake:1  | Entered Level 1 of the Snake Pit
 28285 | Snake:1  | Noticed Azrael
 28299 | Snake:1  | Killed Azrael
 28309 | Snake:1  | Found a glowing golden altar of the Shining One.
 28326 | Snake:1  | Noticed Nikola
 28339 | Snake:1  | Killed Nikola
 28737 | Snake:1  | Found Ykoif's General Store.
 28745 | Snake:1  | Bought a potion of heal wounds for 65 gold pieces
 28745 | Snake:1  | Bought a scroll of enchant weapon for 97 gold pieces
 28745 | Snake:1  | Bought a potion of haste for 130 gold pieces
 29700 | Snake:2  | Noticed a nagaraja
 29714 | Snake:2  | Killed a nagaraja
 29942 | Snake:2  | Noticed a nagaraja
 29954 | Snake:2  | Killed a nagaraja
 30084 | Snake:2  | Found a runed gate.
 30088 | Snake:2  | Found a runed gate.
 30089 | Snake:2  | Found a runed gate.
 30089 | Snake:2  | Noticed Chronos's ghost (journeyman SpEn)
 30219 | Snake:2  | Killed Chronos's ghost
 30642 | Snake:3  | Found a runed door.
 30644 | Snake:3  | Noticed Otouteh's ghost (journeyman FeBe)
 30661 | Snake:3  | Reached XP level 17. HP: 47/103 MP: 5/17
 30680 | Snake:3  | Killed Otouteh's ghost
 30712 | Snake:3  | Received a gift from Trog
 30962 | Snake:3  | Noticed Vashnia
 30969 | Snake:3  | Shot with a bolt by a naga sharpshooter

Skill      XL: |  1  2  3  4  5  6  7  8  9 10 11 12 13 14 15 16 |
---------------+-------------------------------------------------+-----
Axes           | 3 4 5 6 7 9 10 12 13 15 16 17 18 | 18.6
Armour         | 3 4 5 6 7 9 11 13 15 16 17 18 | 18.2
Fighting       | 4 5 7 8 9 10 12 13 14 15 16 | 16.2
Dodging        | |  1.5

Action                   |  1- 3 |  4- 6 |  7- 9 | 10-12 | 13-15 | 16-18 || total
-------------------------+-------+-------+-------+-------+-------+-------++-------
Melee: Hand axe          |    87 |       |   349 |  1004 |   826 |       ||  2266
       War axe           |     9 |    56 |    11 |       |   116 |       ||   192
       Battleaxe         |       |       |       |       |   508 |   515 ||  1023
Invok: Berserk           |     1 |     2 |     2 |     4 |     9 |     3 ||    21
       Brothers in Arms  |       |       |       |     3 |     1 |     2 ||     6
       Trog's Hand       |       |       |       |       |     1 |       ||     1
 Abil: Fly               |       |       |       |       |     1 |       ||     1
Evoke: Wand              |       |       |       |     4 |       |       ||     4
  Use: Scroll            |     5 |     4 |     7 |    11 |    15 |     4 ||    46
       Potion            |       |       |     3 |     2 |     2 |       ||     7
  Eat: Chunk             |     3 |     2 |     9 |    31 |    28 |    11 ||    84
       Ration            |       |     1 |     1 |     1 |     6 |     3 ||    12
Armor: Animal skin       |    33 |       |       |       |       |       ||    33
       Leather armour    |     7 |       |       |       |       |       ||     7
       Scale mail        |       |    30 |       |       |       |       ||    30
       Chain mail        |       |     7 |   187 |       |       |       ||   194
       Plate armour      |       |       |    54 |   825 |  1216 |   397 ||  2492
Dodge: Dodged            |    62 |    36 |   119 |   368 |   474 |   170 ||  1229
Block: Other             |       |       |       |       |   211 |    79 ||   290
       Reflection        |       |       |       |       |     8 |    16 ||    24
